 Dungeon Crawl Stone Soup version 0.18-a0-73-g76764e3 (webtiles) character file.

116 KINGKRU the Sneak (level 5, 0/34 HPs)
             Began as a Halfling Assassin on Nov 11, 2015.
             Was a Follower of Nemelex Xobeh.
             Succumbed to Rosayl's splash of poison
             ... on level 4 of the Dungeon.
             The game lasted 00:14:55 (2360 turns).

KINGKRU the Sneak (Halfling Assassin)               Turns: 2360, Time: 00:14:55

Health: 0/34       AC:  3    Str: 11    XL:     5   Next: 21%
Magic:  5/5        EV: 15    Int: 10    God:    Nemelex Xobeh [*.....]
Gold:   76         SH:  0    Dex: 17    Spells: 0 memorised, 4 levels left

rFire  . . .     SeeInvis .     a - +3 dagger
rCold  . . .     Clarity  .     p - +0 robe
rNeg   . . .     SustAt   .     (shield restricted)
rPois  .         Gourm    .     (no helmet)
rElec  .         Spirit   .     d - +0 cloak
rCorr  .         Warding  .     (no gloves)
rMut   .         Stasis   .     (no boots)
MR     .....                    (no amulet)
Stlth  ++++......               y - ring of stealth
                                k - ring of invisibility

@: lethally poisoned (0 -> -6), not resistant to hostile enchantments, stealthy
A: mutation resistance 1
a: Renounce Religion, Evoke Invisibility


You were on level 4 of the Dungeon.
You worshipped Nemelex Xobeh.
Nemelex Xobeh was aware of your devotion.
You were not hungry.

You visited 1 branch of the dungeon, and saw 4 of its levels.

You collected 76 gold pieces.

Inventory:

Hand Weapons
 a - a +3 dagger (weapon)
 b - a +0 blowgun
 A - a +1 hand axe of flaming
Missiles
 e - 5 poisoned needles (quivered)
 f - 2 curare-tipped needles
Armour
 d - a +0 cloak (worn)
 p - a +0 robe (worn)
Jewellery
 k - a ring of invisibility (left hand)
 w - a +1 ring of protection
 y - a ring of stealth (right hand)
Scrolls
 h - a scroll of identify
 i - a scroll of recharging {unknown}
 l - 2 scrolls of remove curse
 t - a scroll of blinking
 z - a scroll of fog {unknown}
Potions
 j - a potion of invisibility
 n - 2 potions of ambrosia {unknown}
 o - a potion of flight {unknown}
 q - a potion of resistance {unknown}
 r - 3 potions of brilliance {unknown}
 x - a potion of heal wounds {unknown}
Miscellaneous
 s - a plain deck of wonders {drawn: 1}
 v - a plain deck of escape
Comestibles
 g - 4 bread rations
 m - 2 slices of pizza
 u - a meat ration


   Skills:
 + Level 2.0 Fighting
 + Level 2.9 Short Blades
 + Level 3.7 Throwing
 + Level 2.3 Dodging
 + Level 5.4 Stealth


You had 4 spell levels left.
You didn't know any spells.

Dungeon Overview and Level Annotations

Branches:
Dungeon (4/15)
 Temple: D:4-7

Altars:
Nemelex Xobeh
Trog


Innate Abilities, Weirdness & Mutations

You are small and have problems with some larger weapons.
You are somewhat resistant to further mutation.


Message History

You remove your +1 ring of protection.
k - a ring of invisibility (left hand)
You feel sick.
You feel sick. Rosayl spits poison at you. The splash of poison misses you.
Rosayl spits poison at you. The splash of poison misses you.
You feel sick.
There is a stone staircase leading down here.
You feel sick.
You feel sick. Rosayl spits poison at you. The splash of poison hits you!
You are lethally poisoned!
* * * LOW HITPOINT WARNING * * *
* * * LOW HITPOINT WARNING * * *
You feel sick.
You die...
Your body disappears without a glow.

########.#
##.>.###.#
#<.....#.# ...###
#.# #......#.##.#
#......#....# #
#......#...## .#
#........#.#######.#
#..................#
#......####.###...#
#......# #.#@..# .
#......####.#.###
#########.......#
#.......# #$...N..#
#..(....# #.......#
#.....>.# #.......#


You could see Rosayl the naga.

Vanquished Creatures
  A centaur skeleton (D:4)
  A worker ant (D:4)
  2 adders
  An ooze (D:3)
  A worm (D:4)
  2 giant geckos
  An orc (D:3)
  A ball python (D:2)
  4 bats (D:1)
  3 giant cockroaches
  8 hobgoblins
  A giant newt (D:3)
  6 goblins
  4 kobolds
  4 rats
40 creatures vanquished.

Vanquished Creatures (others)
  A goblin (D:3)
1 creature vanquished.

Grand Total: 41 creatures vanquished

Notes
Turn   | Place    | Note
--------------------------------------------------------------
     0 | D:1      | KINGKRU the Halfling Assassin began the quest for the Orb.
     0 | D:1      | Reached XP level 1. HP: 14/14 MP: 1/1
   230 | D:1      | Reached XP level 2. HP: 19/19 MP: 2/2
   799 | D:1      | Found a sparkling altar of Nemelex Xobeh.
   843 | D:1      | Became a worshipper of Nemelex Xobeh the Trickster
  1037 | D:2      | Received a gift from Nemelex Xobeh
  1176 | D:2      | Found a faded altar to an unknown god.
  1220 | D:2      | Reached XP level 3. HP: 24/24 MP: 3/3
  1547 | D:3      | Reached * piety under Nemelex Xobeh
  1663 | D:3      | Reached skill level 5 in Stealth
  1879 | D:3      | Reached XP level 4. HP: 29/29 MP: 4/4
  1975 | D:3      | Found a bloodstained altar of Trog.
  2333 | D:4      | Noticed Rosayl
  2334 | D:4      | Reached XP level 5. HP: 30/34 MP: 5/5
  2358 | D:4      | HP: 1/34 [poisoned by Rosayl (splash of poison)]
  2360 | D:4      | Succumbed to Rosayl's splash of poison

Vault maps used:
D:1:      sevenhm_arrival_forest_fort_large_2, nemelex_deck
D:2:      ecumenical_altar_1, first_bread, kennysheep_generic_room_13
D:3:      trog_hazing_becter
D:4:      minmay_temple_entry_nine_rooms, uniq_crazy_yiuf_cottage, uniq_robin

Action                   |  1- 3 |  4- 6 || total
-------------------------+-------+-------++-------
Melee: Dagger            |    55 |    43 ||    98
 Fire: Blowgun           |    56 |       ||    56
Evoke: Deck              |       |     1 ||     1
  Use: Scroll            |     8 |       ||     8
       Potion            |     1 |       ||     1
 Stab: Sleeping          |    12 |     3 ||    15
  Eat: Bread ration      |     1 |       ||     1
